 Dungeon Crawl Stone Soup version 0.30-a0-782-ge64f9170bb (webtiles) character file.

Game seed: 6099531227355082935

4 mopl the Insei (level 1, -1/17 HPs)
             Began as a Djinni Transmuter on Mar 9, 2023.
             Slain by a quokka (2 damage)
             ... on level 1 of the Dungeon.
             The game lasted 00:00:21 (107 turns).

mopl the Insei (Djinni Transmuter)                   Turns: 107, Time: 00:00:21

Health: -1/17      AC:  2    Str:  9    XL:     1   Next: 77%
Gold:   13         EV: 12    Int: 14    God:
                   SH:  0    Dex: 13

rFire   + + .      SeeInvis .      - Unarmed
rCold   x . .      Faith    .    (no shield)
rNeg    . . .      Spirit   .    a - +0 robe
rPois   ∞          Reflect  .    (helmet currently unavailable)
rElec   .          Harm     .    (no cloak)
rCorr   .          Rampage  .    (no gloves)
Will    .....                    (boots unavailable)
Stlth   +                        (no amulet)
HPRegen 0.22/turn                (no ring)
MPRegen 0.00/turn                (no ring)

@: appendages (expiring), flying
A: horns 2, flying, sickness immunity, fire resistance 2, cold vulnerability 1,
float, innate caster, HP casting, extra vitality 1
a: End Transformation


You were on level 1 of the Dungeon.
You had temporarily grown beastly horns.
You visited 1 branch of the dungeon, and saw 1 of its levels.

You collected 13 gold pieces.

Inventory:

Armour
 a - a +0 robe (worn)
Scrolls
 c - a scroll of identify {unknown}
Potions
 b - a potion of lignification {!q}


   Skills:
 - Level 1.0 Fighting
 - Level 2.1 Dodging
 * Level 3.2 Unarmed Combat
 + Level 1.6 Spellcasting


You couldn't memorise any spells.
You knew the following spells:

 Your Spells              Type           Power      Damage    Failure   Level
a - Beastly Appendage     Tmut           10%        N/A       12%         1
b - Wereblood             Tmut           5%         N/A       19%         2
c - Spider Form           Tmut/Pois      5%         N/A       36%         3
d - Ice Form              Ice/Tmut       5%         N/A       77%         4
Your spell library was empty.

Dungeon Overview and Level Annotations

Branches:
Dungeon (1/15)

Altars:


Innate Abilities, Weirdness & Mutations

You have temporarily grown beastly horns.
You are flying.
You are immune to sickness and miasma.
You are immune to poison.
Your flesh is very heat resistant. (rF++)
You are vulnerable to cold. (rC-)
You float through the air rather than walking.
You learn spells naturally, not from books.
Your magical power is your life essence.
You have superior vitality. (+4 MHP)


Message History

You now have 13 gold pieces.
HP restored.
c - a scroll labelled PUOTWI WEUV A kobold comes into view.
It is wielding a +0 dagger.
Your horns disappear.
The kobold shouts!
A quokka comes into view.
You grow a pair of large bovine horns.
The kobold closely misses you.
You hit the kobold but do no damage. The kobold hits you but does no damage.
You barely miss the kobold. The quokka bites you. The kobold misses you.
You closely miss the kobold.
Your transformation is almost over.
The quokka barely misses you.
A ball python comes into view.
The kobold hits you with a +0 dagger.
You hit the kobold but do no damage. The quokka barely misses you.
The kobold hits you but does no damage. The quokka closely misses you.
You hit the kobold.
You kill the kobold!
The quokka bites you.
You hit the quokka but do no damage. The ball python barely misses you.
The ball python misses you. The quokka closely misses you.
The ball python bites you. The ball python completely misses you.
You hit the quokka but do no damage. The quokka bites you.
The ball python closely misses you. x2
You are too injured to fight recklessly!
You barely miss the ball python. The quokka bites you.
The ball python bites you.
* * * LOW HITPOINT WARNING * * *
The ball python barely misses you.
You closely miss the ball python. Your punch misses the ball python.
The quokka barely misses you. The ball python closely misses you.
The ball python barely misses you.
You barely miss the ball python. You headbutt the ball python.
You kill the ball python!
The quokka misses you.
You barely miss the quokka. The quokka bites you.
* * * LOW HITPOINT WARNING * * *
The quokka bites you.
You die...

######## ...>.... #
#########. #.#
#.)†...... #...#
##.#######.
#....########...##
#.
.#..)@...##.....#
#.
......r...........#
#.
#.....####.##.....#
#. ##....
#.##.....# #. .....
#.#......... ..
###.. #.##.#.#.###
#. #. #.##.......
.. .....#.#.###
.......#.#


You could see a quokka.

Vanquished Creatures
  A bat (D:1)
  2 ball pythons (D:1)
  A frilled lizard (D:1)
  2 kobolds (D:1)
6 creatures vanquished.

Notes
Turn   | Place    | Note
-------+----------+-------------------------------------------
     0 | D:1      | mopl the Djinni Transmuter began the quest for the Orb.
     0 | D:1      | mopl set off with the following spells memorised: Beastly
                  | Appendage, Wereblood, Spider Form, Ice Form.
     0 | D:1      | Reached XP level 1. HP: 17/17 MP: 0/0
   107 | D:1      | Slain by a quokka

Illustrated notes

Levels and vault maps discovered:
D:1:      lemuel_arrival_river_ford, layout_loops_ring

Action                     || total
---------------------------++-------
  Melee: Unarmed           ||    23
         Headbutt          ||     3
         Punch             ||     1
   Cast: Beastly Appendage ||     3
 Armour: Robe              ||     4
  Dodge: Dodged            ||    29

Table legend: (Time is in decaauts)
 A = Elapsed time spent in this place.
 B = Non-inter-level travel time spent in this place.
 C = Inter-level travel time spent in this place.
 D = Time resting spent in this place.
 E = Time spent auto-exploring this place.
 F = Levels seen in this place.
 G = Mean time per level.
                   A        B        C        D        E       F      G
               +--------+--------+--------+--------+--------+-----+--------+
         Total |    105 |    105 |      0 |      0 |     57 |   1 |  105.0 |
       Dungeon |    105 |    105 |      0 |      0 |     57 |   1 |  105.0 |
               +--------+--------+--------+--------+--------+-----+--------+

Top non-repeatable levels by time:
     D:1: 105 daAuts
